 Dungeon Crawl Stone Soup version 0.24-a0-789-g35933f4585 (webtiles) character file.

Game seed: 4658853382094065257, levelgen mode: deterministic

825 Kohma the Charmwright (level 7, 0/56 HPs)
             Began as a Gnoll Skald on Oct 10, 2019.
             Was a Follower of Ashenzari.
             Killed by divine providence
             ... invoked by an orc priest
              (14 damage)
             ... on level 5 of the Dungeon.
             The game lasted 00:11:41 (5435 turns).

Kohma the Charmwright (Gnoll Skald)                 Turns: 5435, Time: 00:11:42

Health: 0/56       AC: 10    Str: 15    XL:     7   Next: 96%
Magic:  13/15      EV: 12    Int: 15    God:    Ashenzari [*.....]
Gold:   340        SH:  0    Dex: 15    Spells: 6/17 levels left

rFire    . . .     SeeInvis .   a - +1 spear
rCold    . . .     Gourm    .   (no shield)
rNeg     + . .     Faith    .   q - +0 scale mail
rPois    .         Spirit   .   (no helmet)
rElec    .         Reflect  .   (no cloak)
rCorr    .         Harm     .   n - +0 pair of gloves
MR       .....                  k - +1 pair of boots
Stlth    ++........             (no amulet)
HPRegen  0.18/turn              o - ring of stealth
MPRegen  0.14/turn              t - ring of positive energy

@: shrouded (expiring), singing
A: distributed training, fangs 1, strong nose
a: Curse Item, Scrying, Renounce Religion


You were on level 5 of the Dungeon.
You worshipped Ashenzari.
Ashenzari was aware of your devotion.
You were not hungry.

You visited 2 branches of the dungeon, and saw 6 of its levels.

You collected 340 gold pieces.

Inventory:

Hand Weapons
 a - a +1 spear (weapon)
Missiles
 f - 243 stones (quivered)
 h - 49 sling bullets
Armour
 k - a +1 pair of boots (worn)
 n - a +0 pair of gloves (worn)
 q - a +0 scale mail (worn)
Jewellery
 o - a ring of stealth (left hand)
 t - a ring of positive energy (right hand)
Wands
 b - a wand of random effects (4)
Scrolls
 j - 3 scrolls of remove curse
 p - a scroll of immolation
 s - a scroll of magic mapping
 u - a scroll of identify
Potions
 c - 2 potions of haste
 e - a potion of invisibility
 g - a potion of might {unknown}
 i - 4 potions of curing
 m - a potion of resistance {unknown}
 r - a potion of heal wounds {unknown}
 w - a potion of magic {unknown}
Comestibles
 d - 10 rations


   Skills:
 + Level 5.4 Fighting
 + Level 2.7 Short Blades
 + Level 2.7 Long Blades
 + Level 2.7 Axes
 + Level 2.7 Maces & Flails
 + Level 5.4 Polearms
 + Level 2.7 Staves
 + Level 2.7 Slings
 + Level 2.7 Bows
 + Level 2.7 Crossbows
 + Level 2.7 Throwing
 + Level 3.8 Armour
 + Level 5.4 Dodging
 + Level 2.7 Stealth
 + Level 2.7 Shields
 + Level 2.7 Unarmed Combat
 + Level 5.7 Spellcasting
 + Level 2.2 Conjurations
 + Level 2.2 Hexes
 + Level 5.9 Charms
 + Level 2.2 Summonings
 + Level 2.2 Necromancy
 + Level 2.2 Translocations
 + Level 2.2 Transmutations
 + Level 2.2 Fire Magic
 + Level 2.2 Ice Magic
 + Level 2.2 Air Magic
 + Level 2.2 Earth Magic
 + Level 2.2 Poison Magic
 + Level 3.0 Invocations
 + Level 2.7 Evocations


You had 6 spell levels left.
You knew the following spells:

 Your Spells              Type           Power        Failure   Level  Hunger
a - Infusion              Chrm           ###.         4%          1    None
b - Song of Slaying       Chrm           ###.....     8%          2    #......
c - Shroud of Golubria    Chrm/Tloc      ###...       16%         2    #......
d - Regeneration          Chrm/Necr      ###.......   30%         3    ###....
e - Spectral Weapon       Hex/Chrm       ###.....     30%         3    ###....

Your spell library contained the following spells:

 Spells                   Type           Power        Failure   Level  Hunger


Dungeon Overview and Level Annotations

Branches:
Dungeon (5/15)             Temple (1/1) D:4

Altars:
Ashenzari
Dithmenos
Fedhas
Gozag
Hepliaklqana
Kikubaaqudgha
Makhleb
Nemelex Xobeh
Okawaru
Qazlal
Ru
Trog
Uskayaw
Vehumet
Wu Jian
Xom
Yredelemnul
Zin
The Shining One


Innate Abilities, Weirdness & Mutations

Your experience applies equally to all skills.
You have very sharp teeth.
Your uncanny sense of smell can sniff out nearby items.


Message History

You completely miss the orc priest. Your bite misses the orc priest.
You hit the orc priest.
The orc priest is severely wounded.
The orc priest closely misses you.
You hit the orc priest. You bite the orc priest.
The orc priest is almost dead.
The orc priest calls down the wrath of Beogh upon you.
Beogh smites you!
* * * LOW HITPOINT WARNING * * *
The orc priest misses you.
You hit the orc priest.
You kill the orc priest!
Your shroud begins to fray at the edges.
The orc throws a boomerang.
The boomerang closely misses you.
The weapon returns to the orc!
You hit the orc priest. You bite the orc priest.
The orc priest is moderately wounded.
The orc priest calls down the wrath of Beogh upon you.
Beogh smites you!
You die...

.......$.........#.##.......##...
.....$...........#.###...........
.......................#...##>...
#..#.............#.#.#####..#....
***#.............#.#.## ##.......
##.##.......#......###........
###........#.......#.........
#...##.o##..#..........##..
##..##...#@.....###.....#..
####...o)o......####......
###..#.##.....##.......
#.#####.....#...._...
####...............(.
#...............8(
#................(
##............_..(
#......#.........


You could see an orc priest and an orc.

Vanquished Creatures
  Menkaure (D:5)
  2 phantoms (D:5)
  A centaur (D:5)
  A howler monkey (D:4)
  A bullfrog zombie (D:5)
  A hound (D:4)
  2 orc wizards (D:4)
  An orc priest (D:5)
  Ijyb (D:4)
  Natasha (twice) (D:4)
  An iguana (D:4)
  2 worker ants
  A hound zombie (D:4)
  3 adders
  An adder zombie (D:4)
  A worm (D:5)
  2 leopard geckos
  An orc (D:5)
  6 bats
  4 giant cockroaches
  6 goblins
  9 hobgoblins
  7 jackals
  5 kobolds
  A quokka (D:3)
  2 ball pythons
  3 frilled lizards
  4 rats
72 creatures vanquished.

Vanquished Creatures (others)
  Natasha (D:4)
  An orc wizard (D:4)
2 creatures vanquished.

Grand Total: 74 creatures vanquished

Notes
Turn   | Place    | Note
-------+----------+-------------------------------------------
     0 | D:1      | Kohma the Gnoll Skald began the quest for the Orb.
     0 | D:1      | Reached XP level 1. HP: 20/20 MP: 6/6
   161 | D:1      | Reached XP level 2. HP: 26/26 MP: 7/7
   232 | D:1      | Found a shattered altar of Ashenzari.
   488 | D:1      | Became a worshipper of Ashenzari the Shackled
   796 | D:2      | Reached XP level 3. HP: 28/31 MP: 9/9
   925 | D:2      | Reached skill level 5 in Spellcasting
  1146 | D:2      | Learned a level 2 spell: Song of Slaying
  1149 | D:2      | Learned a level 2 spell: Shroud of Golubria
  1153 | D:2      | Learned a level 3 spell: Regeneration
  1157 | D:2      | Learned a level 3 spell: Spectral Weapon
  1250 | D:2      | Reached skill level 1 in Invocations
  1641 | D:3      | Reached skill level 1 in Short Blades
  1641 | D:3      | Reached skill level 1 in Long Blades
  1641 | D:3      | Reached skill level 1 in Axes
  1641 | D:3      | Reached skill level 1 in Maces & Flails
  1641 | D:3      | Reached skill level 1 in Staves
  1641 | D:3      | Reached skill level 1 in Slings
  1641 | D:3      | Reached skill level 1 in Bows
  1641 | D:3      | Reached skill level 1 in Crossbows
  1641 | D:3      | Reached skill level 1 in Throwing
  1641 | D:3      | Reached skill level 1 in Stealth
  1641 | D:3      | Reached skill level 1 in Shields
  1641 | D:3      | Reached skill level 1 in Unarmed Combat
  1641 | D:3      | Reached skill level 1 in Evocations
  1775 | D:3      | Reached XP level 4. HP: 38/38 MP: 11/11
  1999 | D:3      | Found an opulent altar of Gozag.
  2000 | D:3      | Found a glowing silver altar of Zin.
  2300 | D:4      | Noticed Natasha
  2331 | D:4      | Killed Natasha
  2331 | D:4      | Reached skill level 1 in Conjurations
  2331 | D:4      | Reached skill level 1 in Hexes
  2331 | D:4      | Reached skill level 1 in Summonings
  2331 | D:4      | Reached skill level 1 in Necromancy
  2331 | D:4      | Reached skill level 1 in Translocations
  2331 | D:4      | Reached skill level 1 in Transmutations
  2331 | D:4      | Reached skill level 1 in Fire Magic
  2331 | D:4      | Reached skill level 1 in Ice Magic
  2331 | D:4      | Reached skill level 1 in Air Magic
  2331 | D:4      | Reached skill level 1 in Earth Magic
  2331 | D:4      | Reached skill level 1 in Poison Magic
  2559 | D:4      | Noticed Ijyb
  2559 | D:4      | Paralysed by Ijyb for 7 turns
  2620 | D:4      | Killed Natasha
  2671 | D:4      | Reached XP level 5. HP: 35/43 MP: 12/12
  2702 | D:4      | Found a glowing golden altar of the Shining One.
  2786 | D:4      | Killed Ijyb
  2936 | D:4      | Reached XP level 6. HP: 28/50 MP: 13/13
  3415 | D:4      | Found a glowing golden altar of the Shining One.
  3454 | D:4      | Found a staircase to the Ecumenical Temple.
  3486 | Temple   | Entered the Ecumenical Temple
  3617 | D:4      | Noticed Natasha
  3630 | D:4      | Killed Natasha
  3630 | D:4      | Reached skill level 5 in Fighting
  3630 | D:4      | Reached skill level 5 in Polearms
  3630 | D:4      | Reached skill level 5 in Dodging
  3716 | D:4      | Found a basalt altar of Yredelemnul.
  3718 | D:4      | Noticed a profane servitor
  3793 | D:4      | Found a bloodstained altar of Trog.
  4024 | D:4      | Reached * piety under Ashenzari
  4303 | D:4      | Noticed an angel
  4359 | D:5      | Entered Level 5 of the Dungeon
  4359 | D:5      | Found a shimmering altar of Xom.
  4511 | D:5      | Noticed Menkaure
  4531 | D:5      | Killed Menkaure
  4531 | D:5      | Reached XP level 7. HP: 9/56 MP: 15/15
  4876 | D:5      | Found a hazy altar of Hepliaklqana.
  4897 | D:5      | Found an ancient bone altar of Kikubaaqudgha.
  4978 | D:5      | Found a shadowy altar of Dithmenos.
  5435 | D:5      | Killed from afar by an orc priest

Levels and vault maps discovered:
D:1:      eino_arrival_cavern_a, layout_basic, minmay_misc_feat_rugged,
          st_stairs_5, minmay_misc_feat_x, evilmike_ruin_ashenzari
D:2:      layout_loops_ring, first_ration
D:3:      layout_loops_ring, grunt_temple_overflow_gold_and_silver
D:4:      layout_loops_corners, grunt_temple_overflow_holy_war,
          lemuel_crystal_altar, minmay_temple_entry_butterflies, tso_altar,
          uniq_natasha, uniq_ijyb
D:5:      layout_cave_pools, grunt_temple_overflow_open, xom_teletrap_fun,
          uniq_menkaure
Temple:   dpeg_three_leaves_temple

Skill      XL: |  1  2  3  4  5  6  7 |
---------------+----------------------+-----
Spellcasting   | 5 |  5.7
Invocations    | 1 2 3 |  3.0
Short Blades   | 1 2 |  2.7
Long Blades    | 1 2 |  2.7
Axes           | 1 2 |  2.7
Maces & Flails | 1 2 |  2.7
Staves         | 1 2 |  2.7
Slings         | 1 2 |  2.7
Bows           | 1 2 |  2.7
Crossbows      | 1 2 |  2.7
Throwing       | 1 2 |  2.7
Stealth        | 1 2 |  2.7
Shields        | 1 2 |  2.7
Unarmed Combat | 1 2 |  2.7
Evocations     | 1 2 |  2.7
Conjurations   | 1 2 |  2.2
Hexes          | 1 2 |  2.2
Summonings     | 1 2 |  2.2
Necromancy     | 1 2 |  2.2
Translocations | 1 2 |  2.2
Transmutations | 1 2 |  2.2
Fire Magic     | 1 2 |  2.2
Ice Magic      | 1 2 |  2.2
Air Magic      | 1 2 |  2.2
Earth Magic    | 1 2 |  2.2
Poison Magic   | 1 2 |  2.2
Armour         | 3 |  3.8
Fighting       | 5 |  5.4
Polearms       | 5 |  5.4
Dodging        | 5 |  5.4
Charms         | |  5.9

Action                   |  1- 3 |  4- 6 |  7- 9 || total
-------------------------+-------+-------+-------++-------
Melee: Spear             |   167 |   237 |   108 ||   512
       Bite              |    11 |    31 |    11 ||    53
       Punch             |       |     1 |     1 ||     2
 Cast: Infusion          |     1 |     1 |     1 ||     3
       Shroud of Golubri |       |       |     3 ||     3
       Song of Slaying   |       |       |     1 ||     1
  Use: Scroll            |       |     7 |     2 ||     9
       Potion            |       |     1 |       ||     1
 Stab: Sleeping          |     3 |     2 |       ||     5
  Eat: Chunk             |     3 |     7 |     1 ||    11
       Ration            |       |       |     1 ||     1
Armor: Leather armour    |    20 |       |       ||    20
       Scale mail        |    11 |    82 |    31 ||   124
Dodge: Dodged            |    98 |    97 |    40 ||   235

Table legend:
 A = Non-vault XP
 B = Vault XP
 C = Vault XP percentage of total XP
 D = Non-vault monster count
 E = Vault monster count
 F = Vault count percentage of total count
                 A         B        C        D         E       F
            +---------+---------+-------+---------+---------+-------
      Total |     923 |     256 |  21.7 |      67 |       5 |   6.9
            +---------+---------+-------+---------+---------+-------
        D:1 |      24 |       3 |  11.1 |      15 |       2 |  11.8
        D:2 |      35 |       0 |   0.0 |      13 |       0 |   0.0
        D:3 |      37 |       0 |   0.0 |      15 |       0 |   0.0
        D:4 |     321 |      70 |  17.9 |      14 |       2 |  12.5
        D:5 |     506 |     183 |  26.6 |      10 |       1 |   9.1
            +---------+---------+-------+---------+---------+-------
